 Dungeon Sprint DCSS version 0.19.1 (webtiles) character file.

149824 equalderp2856 the Sabretooth (level 14, -24/79 HPs)
             Began as a Felid Fighter on Dec 1, 2016.
             Was an Initiate of Gozag.
             Killed from afar by a monstrous blood saint (26 damage)
             ... with a fireball
             ... in the Dungeon (Sprint IX: "|||||||||||||||||||||||||||||").
             The game lasted 01:05:10 (18112 turns).

equalderp2856 the Sabretooth (Felid Fighter)       Turns: 18112, Time: 01:05:10

Health: -24/79     AC:  5    Str: 14    XL:     14   Next: 73%
Magic:  0/23       EV: 39    Int: 12    God:    Gozag
Gold:   14535      SH:  0    Dex: 16    Spells: 3 memorised, 9 levels left
                                        Lives:  0   Deaths: 2

rFire  + . .     SeeInvis +       - Unarmed
rCold  + . .     Gourm    .     (armour unavailable)
rNeg   . . .     Faith    .     (shield unavailable)
rPois  .         Spirit   +     (helmet unavailable)
rElec  .         Reflect  .     (cloak unavailable)
rCorr  .         Harm     .     (gloves unavailable)
MR     ++...     NoTele   +     (boots unavailable)
Stlth  ++++......               y - amulet of guardian spirit
                                D - ring of protection from fire
                                m - +2 ring of protection

@: gold aura, bribing [the Dungeon], quick
A: no armour, no weapons or thrown items, stealth, claws 1, fangs 3, see
invisible, carnivore 3, speed 1, shaggy fur 3, slow metabolism 1, sharp paws
a: Potion Petition, Call Merchant, Bribe Branch, Renounce Religion
0: Orb of Zot
}: 5/15 runes: decaying, serpentine, barnacled, silver, gossamer


You were in the Dungeon.
You worshipped Gozag.
Gozag was extremely pleased with you.
You were full.

You visited 1 branch You collected 42795 gold pieces.
You spent 4465 gold pieces at shops.
You paid 23795 gold pieces to Gozag.

Inventory:

Jewellery
 i - an uncursed ring of protection from magic
 m - a +2 ring of protection (left paw)
 n - a +3 ring of dexterity
 u - an uncursed ring of poison resistance
 y - an amulet of guardian spirit (around neck)
 B - an uncursed ring of protection from cold
 C - an uncursed ring of protection from magic
 D - a ring of protection from fire (right paw)
 J - a +6 ring of dexterity
 K - a +6 ring of intelligence
 L - a +6 ring of dexterity
 M - a +4 ring of evasion
 N - an uncursed amulet of regeneration
 O - the amulet "Vingipne" {Gourm MR++ Dex+4}
   (You found it in the Dungeon)

   [amulet of the gourmand]

   It allows you to eat raw meat even when not hungry.
   It affects your dexterity (+4).
   It affects your resistance to hostile enchantments.
 P - the ring "Xohur" {rPois rN+ MR++ Str-4 SInv}
   (You found it in the Dungeon)

   [ring of see invisible]

   It affects your strength (-4).
   It protects you from poison.
   It protects you from negative energy.
   It affects your resistance to hostile enchantments.
   It lets you see invisible.
 Q - the amulet of Xuontoen {Harm *Drain rElec rPois rC- Int-4}
   (You found it in the Dungeon)

   [amulet of harm]

   It increases damage dealt and taken.
   It affects your intelligence (-4).
   It makes you vulnerable to cold.
   It insulates you from electricity.
   It protects you from poison.
   It causes draining when unequipped.
 R - the ring "Ikesm" {Fire Int+2 Slay+5}
   (You found it in the Dungeon)

   [ring of fire]

   It enhances your fire magic.
   It affects your intelligence (+2).
   It affects your accuracy and damage with ranged weapons and melee attacks
   (+5).
   It protects you from fire.
   It makes you vulnerable to cold.
 S - the ring of Fugowk {rPois rF+ MR+ AC+5 Dex-4}
   (You found it in the Dungeon)

   [ring of protection]

   It affects your AC (+5).
   It affects your dexterity (-4).
   It protects you from fire.
   It protects you from poison.
   It affects your resistance to hostile enchantments.
 Z - an uncursed amulet of magic regeneration {unknown}
Wands
 l - a wand of iceblast (3/15)
 t - a wand of iceblast (0/15)
 E - a wand of confusion (16/48)
 F - a wand of teleportation (3/9)
 T - a wand of hasting (5/9)
Scrolls
 h - 2 scrolls of blinking
 j - 7 scrolls of remove curse
 k - 2 scrolls of amnesia
 q - 2 scrolls of recharging
 r - 4 scrolls of identify
 s - 5 scrolls of fog
 w - 3 scrolls of fear
 U - a scroll of immolation {unknown}
 W - a scroll of magic mapping
Potions
 a - 2 potions of might
 c - a potion of curing
 d - a potion of invisibility
 e - 6 potions of haste
 f - 5 potions of magic
 g - 2 potions of berserk rage
 o - 6 potions of cure mutation
 p - 4 potions of resistance
 v - 2 potions of heal wounds
 x - 3 potions of agility
 A - 4 potions of brilliance
 G - 2 potions of degeneration {unknown}
 V - a potion of beneficial mutation {unknown}
Books
 H - a book of Maledictions

   Spells                             Type                      Level
   a - Corona                         Hexes                        1
   b - Ensorcelled Hibernation        Hexes/Ice                    2
   c - Confuse                        Hexes                        3
   d - Tukima's Dance                 Hexes                        3
   e - Dazzling Spray                 Conjuration/Hexes            3
 I - a book of Misfortune

   Spells                             Type                      Level
   a - Confusing Touch                Hexes                        1
   b - Confuse                        Hexes                        3
   c - Gell's Gravitas                Hexes/Translocation          3
   d - Petrify                        Transmutation/Earth          4
   e - Metabolic Englaciation         Hexes/Ice                    5
   f - Yara's Violent Unravelling     Hexes/Transmutation          5
 X - a book of Fire

   Spells                             Type                      Level
   a - Ignite Poison                  Fire/Transmutation/Poison    3
   b - Fireball                       Conjuration/Fire             5
   c - Bolt of Fire                   Conjuration/Fire             6
   d - Delayed Fireball               Conjuration/Fire             7
   e - Ring of Flames                 Charms/Fire                  7
 Y - a book of Unlife

   Spells                             Type                      Level
   a - Recall                         Summoning/Translocation      3
   b - Animate Dead                   Necromancy                   4
   c - Control Undead                 Necromancy                   4
   d - Cigotuvi's Embrace             Necromancy                   5
   e - Death Channel                  Necromancy                   6
   f - Simulacrum                     Ice/Necromancy               6
Comestibles
 b - 8 meat rations


   Skills:
 + Level 19.2 Fighting
 O Level 27 Dodging
 O Level 27 Stealth
 O Level 27 Unarmed Combat
 + Level 10.7 Evocations


You had 9 spell levels left.
You knew the following spells:

 Your Spells              Type           Power        Failure   Level  Hunger
a - Corona                Hex            #......      34%         1    ##.....
b - Ensorcelled Hibernat  Hex/Ice        #.....       52%         2    ###....
c - Confusing Touch       Hex            #.....       34%         1    ##.....


Dungeon Overview and Level Annotations

Branches:
Dungeon (1/1)

Altars:
Cheibriados
Dithmenos
Elyvilon
Fedhas
Gozag
Hepliaklqana
Kikubaaqudgha
Makhleb
Nemelex Xobeh
Okawaru
Qazlal
Ru
Sif Muna
Trog
Uskayaw
Vehumet
Xom
Yredelemnul
Zin
The Shining One
Beogh
Jiyva
Lugonu

Shops:
D *?*:!(=[}*

Annotations:
D Saint Roka


Innate Abilities, Weirdness & Mutations

You cannot wear armour.
You are incapable of wielding weapons or throwing items.
Your paws allow you to move quietly. (Stealth)
You have sharp claws.
You have razor-sharp teeth.
You have supernaturally acute eyesight. (SInv)
You are carnivorous and can eat meat at any time.
You cover ground quickly.
Your thick and shaggy fur keeps you warm. (AC +3, rC+)
You have a slow metabolism.
Your sharp claws are effective at attacking unaware monsters.


Message History

You mangle the monstrous demonspawn!!
You kill the monstrous demonspawn!
The monstrous blood saint hits you but does no damage.
The monstrous blood saint claws you. The monstrous blood saint misses you.
The balrug gestures at you. Something smites you!
* * * LOW HITPOINT WARNING * * *
Items here: $ ) [[ 108 gold pieces; a leather armour; a vampiric great sword; a runed plate armour Unknown command.
You feel much better.
The monstrous blood saint conjures a destructive force in the name of its god!
The fireball explodes!
The fireball engulfs you! You resist.
* * * LOW HITPOINT WARNING * * *
The mass of ice explodes!
The iceblast engulfs you! You partially resist.
* * * LOW HITPOINT WARNING * * *
The monstrous blood saint conjures a destructive force in the name of its god!
The fireball explodes!
The fireball engulfs you! You resist.
You die...
Your body crumbles into a pile of gold.

*,,,,,,,,,,,,,,,,,,,,,,,,,,,,
*,***************************
*,,,,,,+,,,,,,,,,,,+,,,,,,,,,
*****************************
*,,,,,,,,,,,,,,,,,,,,,,,,,,,,
*,***************************
*,,,,,+,,,,,,,,,,,,,,,,,,,+,,
▓▓▓▓▓▓▓▓▓▓▓▓▓▓▓▓▓▓▓▓▓▓*******
▓...........@$.62...$.,,,,,,,
▓.▓▓▓▓▓▓▓▓▓▓▓▓▓▓▓▓▓▓▓▓▓▓▓▓▓▓▓
▓[.'.....X........'......[X..
▓▓▓▓▓▓▓▓▓▓▓▓▓▓▓▓▓▓▓▓▓▓▓▓▓▓▓▓▓
▓............................
▓.▓▓▓▓▓▓▓▓▓▓▓▓▓▓▓▓▓▓▓▓▓▓▓▓▓▓▓
▓....q.)d.XqzA.'A..).....).).
▓▓▓▓▓▓▓▓▓▓▓▓▓▓▓▓▓▓▓▓▓▓▓▓▓▓▓▓▓
▓............................


You could see a balrug and a monstrous blood saint.

Vanquished Creatures
  Margery (D)
  A golden dragon (D)
  An Orb Guardian (D)
  Gastronok (D)
  A storm dragon (D)
  Kirke (D)
  A shadow dragon (D)
  Ilsuiw (D)
  3 fire giants (D)
  A warmonger (D)
  A frost giant (D)
  An emperor scorpion (D)
  A spriggan defender (D)
  2 very ugly things (D)
  4 stone giants (D)
  A black draconian (D)
  2 vampire knights (D)
  Azrael (D)
  A merfolk javelineer (D)
  2 ettins (D)
  3 ogre magi (D)
  2 ice dragons (D)
  2 monstrous demonspawn (D)
  A rakshasa (D)
  7 vault guards (D)
  3 centaur warriors (D)
  2 naga warriors (D)
  3 hydras (D)
  2 alligators (D)
  A deep troll earth mage (D)
  2 deep troll shamans (D)
  A vampire mage (D)
  3 hell knights (D)
  A shock serpent (D)
  A spriggan berserker (D)
  A naga sharpshooter (D)
  A swamp dragon (D)
  A hill giant (D)
  A shambling mangrove (D)
  2 unseen horrors (D)
  2 sea snakes (D)
  3 lindwurms (D)
  2 necromancers (D)
  An orb spider (D)
  A wolf spider (D)
  An orc knight (D)
  A mana viper (D)
  A harpy (D)
  2 orc sorcerers (D)
  A manticore (D)
  An ugly thing (D)
  A moth of wrath (D)
  2 sirens (D)
  2 black mambas (D)
  A guardian serpent (D)
  A naga mage (D)
  A water nymph (D)
  Joseph (D)
  3 spiny frogs (D)
  A rime drake (D)
  A komodo dragon (D)
  A demonic crawler (D)
  2 yaktaurs (D)
  A freezing wraith (D)
  2 jumping spiders (D)
  A merfolk (D)
  2 trolls (D)
  5 two-headed ogres (D)
  6 hornets (D)
  2 hippogriffs (D)
  A tyrant leech (D)
  2 slime creatures (D)
  3 redbacks (D)
  A tarantella (D)
  4 hogs (D)
  A wraith (D)
  4 yaks (D)
  2 fire elementals (D)
  A vampire mosquito (D)
  A warg (D)
  2 water moccasins (D)
  3 hell hounds (D)
  A porcupine (D)
  An ice beast (D)
  10 orc warriors (D)
  A swamp drake (D)
  5 ogres (D)
  An eye of draining (D)
  A boggart (D)
  4 crocodiles (D)
  3 bullfrogs (D)
  A killer bee (D)
  A crimson imp (D)
  A quasit (D)
  3 orc priests (D)
  A jelly (D)
  6 orc wizards (D)
  2 worker ants (D)
  An adder (D)
  An adder zombie (D)
  4 worms (D)
  7 orcs (D)
  A bat skeleton (D)
  A hobgoblin (D)
  A quokka (D)
  A ball python skeleton (D)
  A bat (D)
  2 frilled lizards (D)
  A rat (D)
208 creatures vanquished.

Vanquished Creatures (collateral kills)
  An ancient lich (D)
  Jory (D)
  3 golden dragons (D)
  A bone dragon (D)
  4 Orb Guardians (D)
  5 nagarajas (D)
  A storm dragon (D)
  4 shadow dragons (D)
  Donald (D)
  A draconian knight (D)
  8 emperor scorpions (D)
  A draconian scorcher (D)
  A ghost moth (D)
  A stone giant (D)
  3 purple draconians (D)
  A spark wasp (D)
  A white draconian (D)
  A mottled draconian (D)
  A merfolk impaler (D)
  A merfolk javelineer (D)
  A fire dragon (D)
  3 great orbs of eyes (D)
  A deep elf high priest (D)
  2 yaktaur captains (D)
  3 hydras (D)
  4 ice dragons (D)
  2 naga warriors (D)
  11 vault guards (D)
  An ogre mage (D)
  2 merfolk avatars (D)
  4 swamp dragons (D)
  2 orc knights (D)
  2 hell knights (D)
  An ironbrand convoker (D)
  A wolf spider (D)
  A cyclops (D)
  3 moths of wrath (D)
  A guardian serpent (D)
  A moth of wrath (shapeshifter) (D)
  2 vault sentinels (D)
  A naga mage (D)
  A rime drake (shapeshifter) (D)
  A demonic crawler (D)
  2 mottled dragons (D)
  A naga (D)
  2 swamp drakes (D)
  An orc (D)
98 creatures vanquished.

Vanquished Creatures (others)
  2 orbs of fire (D)
  Mennas (D)
  Mara (D)
  Sojobo (D)
  Boris (D)
  A curse toe (D)
  Xtahua (D)
  Nikola (D)
  2 golden dragons (D)
  2 electric golems (D)
  3 tentacled monstrosities (D)
  22 Orb Guardians (D)
  A lich (D)
  2 death cobs (D)
  2 shadow dragons (D)
  2 storm dragons (D)
  A draconian monk (D)
  2 tengu reavers (D)
  3 draconian scorchers (D)
  2 nagarajas (D)
  3 vault wardens (D)
  A draconian knight (D)
  2 ghost moths (D)
  2 ironheart preservers (D)
  A stone giant (D)
  2 green draconians (D)
  A draconian caller (D)
  2 black draconians (D)
  A black sun (D)
  2 mottled draconians (D)
  3 white draconians (D)
  2 red draconians (D)
  4 merfolk javelineers (D)
  2 yaktaur captains (D)
  A merfolk impaler (D)
  7 vault guards (D)
  2 ice dragons (D)
  A merfolk avatar (D)
  A merfolk aquamancer (D)
  2 ogre magi (D)
  A deep troll earth mage (D)
  A soul eater (D)
  A spriggan berserker (D)
  An ironbrand convoker (D)
  11 moths of wrath (D)
  A vault sentinel (D)
  A smoke demon (D)
  An orange demon (D)
  A komodo dragon (shapeshifter) (D)
  A tormentor (D)
  A hellwing (D)
  2 yaktaurs (D)
  3 golden eyes (D)
  2 humans (D)
  A chaos spawn (D)
  A mottled dragon (D)
  A naga (D)
  2 orcs (D)
128 creatures vanquished.

Grand Total: 434 creatures vanquished

Notes
Turn   | Place    | Note
-------+----------+-------------------------------------------
     0 | D        | equalderp2856 the Felid Fighter began the quest for the Orb.
     0 | D        | Reached XP level 1. HP: 10/10 MP: 2/2
    26 | D        | Noticed an orc wizard
    26 | D        | Noticed a worker ant
    36 | D        | Killed a worker ant
    36 | D        | Reached skill level 5 in Dodging
    36 | D        | Reached skill level 1 in Stealth
    36 | D        | Reached XP level 2. HP: 12/14 MP: 3/3
    36 | D        | Reached XP level 3. HP: 15/17 MP: 4/4
   229 | D        | Found a roughly hewn altar of Beogh.
   229 | D        | Found a snail-covered altar of Cheibriados.
   229 | D        | Found a shadowy altar of Dithmenos.
   229 | D        | Found a white marble altar of Elyvilon.
   229 | D        | Found a blossoming altar of Fedhas.
   229 | D        | Found an opulent altar of Gozag.
   230 | D        | Found a hazy altar of Hepliaklqana.
   231 | D        | Found a viscous altar of Jiyva.
   232 | D        | Found an ancient bone altar of Kikubaaqudgha.
   233 | D        | Found a corrupted altar of Lugonu.
   234 | D        | Found a burning altar of Makhleb.
   235 | D        | Found a sparkling altar of Nemelex Xobeh.
   236 | D        | Found an iron altar of Okawaru.
   237 | D        | Became a worshipper of Gozag Ym Sagoz the Greedy
   238 | D        | Found a stormy altar of Qazlal.
   239 | D        | Found a sacrificial altar of Ru.
   240 | D        | Found a deep blue altar of Sif Muna.
   241 | D        | Found a bloodstained altar of Trog.
   242 | D        | Found a hide-covered altar of Uskayaw.
   243 | D        | Found a radiant altar of Vehumet.
   244 | D        | Found a shimmering altar of Xom.
   245 | D        | Found a basalt altar of Yredelemnul.
   246 | D        | Found a glowing silver altar of Zin.
   247 | D        | Found a glowing golden altar of the Shining One.
   272 | D        | Noticed a hill giant
   272 | D        | Noticed a yak
   272 | D        | Noticed a killer bee
   272 | D        | Noticed an ice beast
   737 | D        | Killed a killer bee
   737 | D        | Reached XP level 4. HP: 1/22 MP: 5/5
   743 | D        | Killed an ice beast
   743 | D        | Reached skill level 5 in Fighting
   743 | D        | Reached XP level 5. HP: 2/26 MP: 6/6
  1055 | D        | Killed a yak
  1055 | D        | Reached skill level 10 in Unarmed Combat
  1055 | D        | Gained mutation: You are covered in thick fur. (AC +2) [Felid growth]
  1055 | D        | Reached XP level 6. HP: 31/31 MP: 7/7
  1086 | D        | Killed a hill giant
  1086 | D        | Reached skill level 1 in Evocations
  1086 | D        | Reached XP level 7. HP: 35/35 MP: 8/8
  1131 | D        | Noticed a wraith
  1131 | D        | Noticed an unseen horror
  1131 | D        | Noticed a centaur warrior
  1145 | D        | Killed a centaur warrior
  1145 | D        | Reached XP level 8. HP: 21/40 MP: 0/9
  1148 | D        | Killed an unseen horror
  1148 | D        | Reached skill level 15 in Unarmed Combat
  1148 | D        | Reached XP level 9. HP: 23/43 MP: 0/11
  1555 | D        | Noticed a komodo dragon
  1569 | D        | Noticed a rime drake
  1584 | D        | Killed a komodo dragon
  1965 | D        | Killed a rime drake
  2095 | D        | Noticed a spiny frog
  2401 | D        | Reached XP level 10. HP: 48/48 MP: 12/12
  2407 | D        | Killed a spiny frog
  2470 | D        | Noticed a lindwurm
  2470 | D        | Noticed a lindwurm
  2470 | D        | Noticed a lindwurm
  2645 | D        | Killed a lindwurm
  2645 | D        | Reached skill level 15 in Dodging
  2684 | D        | Killed a lindwurm
  2684 | D        | Reached skill level 10 in Stealth
  2713 | D        | Killed a lindwurm
  2815 | D        | Noticed Joseph
  2822 | D        | Killed Joseph
  3068 | D        | Noticed an orc sorcerer
  3084 | D        | Killed an orc sorcerer
  3102 | D        | Reached XP level 11. HP: 46/51 MP: 14/14
  3612 | D        | Found Gotiacekk's Assorted Antiques.
  3612 | D        | Noticed an ogre mage
  3612 | D        | Noticed an ogre mage
  3612 | D        | Noticed an ogre mage
  3622 | D        | Killed an ogre mage
  3626 | D        | Killed an ogre mage
  3632 | D        | Killed an ogre mage
  3638 | D        | Found Tiecull's Antique Armour Shop.
  3648 | D        | Found Qozyhai's Antique Weapon Boutique.
  3653 | D        | Found Qekozec's General Store.
  3737 | D        | Bought a scroll of blinking for 180 gold pieces
  3737 | D        | Bought a scroll of identify for 48 gold pieces
  3737 | D        | Bought a wand of iceblast for 96 gold pieces
  3743 | D        | Bought a potion of might for 56 gold pieces
  3769 | D        | Noticed Gastronok
  4000 | D        | Killed Gastronok
  4310 | D        | Noticed a centaur warrior
  4310 | D        | Noticed an unseen horror
  4525 | D        | Killed an unseen horror
  4537 | D        | Killed a centaur warrior
  4697 | D        | Noticed an ice dragon
  4700 | D        | Noticed a frost giant
  4704 | D        | Killed an ice dragon
  4704 | D        | Gained mutation: Your thick and shaggy fur keeps you warm. (AC +3, rC+) [Felid growth]
  4704 | D        | Reached XP level 12. HP: 56/56 MP: 15/15
  4967 | D        | Bought a scroll of blinking for 112 gold pieces
  4972 | D        | Bought 2 potions of haste for 240 gold pieces
  4972 | D        | Bought a potion of agility for 48 gold pieces
  4972 | D        | Bought a potion of heal wounds for 60 gold pieces
  4972 | D        | Bought a potion of ambrosia for 96 gold pieces
  4972 | D        | Bought a potion of brilliance for 48 gold pieces
  4972 | D        | Bought a potion of haste for 120 gold pieces
  4972 | D        | Bought a potion of heal wounds for 60 gold pieces
  4972 | D        | Bought a potion of curing for 36 gold pieces
  4979 | D        | Bought an uncursed amulet of guardian spirit for 360 gold pieces
  4979 | D        | Bought an uncursed ring of protection from cold for 300 gold pieces
  4979 | D        | Bought an uncursed ring of protection from magic for 300 gold pieces
  4979 | D        | Bought an uncursed ring of protection from fire for 300 gold pieces
  5157 | D        | Noticed a centaur warrior
  5179 | D        | Killed a frost giant
  5187 | D        | Killed a centaur warrior
  5441 | D        | Noticed a stone giant
  5486 | D        | Killed a stone giant
  5670 | D        | Noticed a rakshasa
  5672 | D        | Noticed a deep troll shaman
  5678 | D        | Killed a rakshasa
  5686 | D        | Killed a deep troll shaman
  5838 | D        | Noticed Azrael
  6202 | D        | Killed Azrael
  7054 | D        | Bought a wand of confusion (28/48) for 382 gold pieces
  7157 | D        | Bought a scroll of recharging for 123 gold pieces
  7157 | D        | Bought a potion of agility for 52 gold pieces
  7157 | D        | Bought a potion of berserk rage for 65 gold pieces
  7157 | D        | Bought a scroll of magic mapping for 45 gold pieces
  7270 | D        | Noticed a naga warrior
  7273 | D        | Noticed a naga warrior
  7274 | D        | Killed a naga warrior
  7468 | D        | Reached XP level 13. HP: 37/60 MP: 13/16
  7961 | D        | Reached skill level 15 in Stealth
  8268 | D        | Noticed an emperor scorpion
  8272 | D        | Reached skill level 5 in Evocations
  8546 | D        | Bought a wand of teleportation (3/9) for 357 gold pieces
  8550 | D        | Bought 2 potions of resistance for 240 gold pieces
  8590 | D        | Bought a silvery potion for 21 gold pieces
  8745 | D        | Bought a book of Maledictions for 400 gold pieces
  8745 | D        | Bought a book of Misfortune for 320 gold pieces
  8907 | D        | Killed an emperor scorpion
  9063 | D        | Noticed Kirke
  9075 | D        | Killed Kirke
  9159 | D        | Noticed a storm dragon
  9159 | D        | Noticed a green very ugly thing
  9159 | D        | Noticed a vampire knight
  9159 | D        | Noticed an ettin
  9165 | D        | Killed an ettin
  9245 | D        | Killed a vampire knight
  9326 | D        | Noticed an ettin
  9327 | D        | Noticed a spriggan defender
  9328 | D        | Noticed a fire giant
  9391 | D        | Killed a green very ugly thing
  9887 | D        | Killed a storm dragon
 10455 | D        | Killed an ettin
 10455 | D        | Reached skill level 27 in Unarmed Combat
 10523 | D        | Killed a spriggan defender
 10722 | D        | Killed a fire giant
 10722 | D        | Reached XP level 14. HP: 58/65 MP: 18/20
 10754 | D        | Noticed a vampire knight
 10764 | D        | Killed a vampire knight
 10764 | D        | Reached skill level 10 in Fighting
 10782 | D        | Noticed a red very ugly thing
 10791 | D        | Killed a red very ugly thing
 10804 | D        | Noticed a fire giant
 10812 | D        | Killed a fire giant
 10843 | D        | Noticed a vault warden
 10845 | D        | Noticed a vault warden
 10859 | D        | Noticed a stone giant
 10870 | D        | Noticed an ironheart preserver
 10872 | D        | Noticed a stone giant
 10875 | D        | Noticed a stone giant
 10878 | D        | Noticed a vault warden
 10935 | D        | Noticed Saint Roka
 10972 | D        | Noticed Margery
 11095 | D        | Noticed Jory
 11107 | D        | Noticed Mennas
 11172 | D        | Noticed a nagaraja
 11172 | D        | Noticed a nagaraja
 11186 | D        | Noticed a nagaraja
 11187 | D        | Noticed a nagaraja
 11188 | D        | Noticed a nagaraja
 11189 | D        | Killed a nagaraja
 11191 | D        | Noticed a nagaraja
 11199 | D        | Noticed a nagaraja
 11200 | D        | Killed a nagaraja
 11206 | D        | Killed a nagaraja
 11364 | D        | HP: 4/99 [poisoned by a nagaraja]
 11365 | D        | Mangled by a nagaraja
 11366 | D        | Reached XP level 13. HP: -10/94 MP: 0/19
 11372 | D        | Killed Jory
 11376 | D        | Killed a nagaraja
 11381 | D        | Noticed a golden dragon
 11381 | D        | Noticed a shadow dragon
 11381 | D        | Noticed a tentacled monstrosity
 11381 | D        | Noticed a shadow dragon
 11381 | D        | Noticed a shadow dragon
 11381 | D        | Noticed an ironheart preserver
 11385 | D        | Killed an ironheart preserver
 11390 | D        | Killed a shadow dragon
 11394 | D        | Killed a shadow dragon
 11396 | D        | Killed a tentacled monstrosity
 11420 | D        | Noticed a tengu reaver
 11422 | D        | Noticed Sojobo
 11424 | D        | Noticed a tengu reaver
 11465 | D        | Got the amulet "Vingipne" {Gourm MR++ Dex+4}
 11467 | D        | Got the ring "Xohur" {rPois rN+ MR++ Str-4 SInv}
 11467 | D        | Killed a nagaraja
 11469 | D        | Got the amulet of Xuontoen {Harm *Drain rElec rPois rC- Int-4}
 11471 | D        | Got the ring "Ikesm" {Fire Int+2 Slay+5}
 11473 | D        | Got the ring of Fugowk {rPois rF+ MR+ AC+5 Dex-4}
 11551 | D        | Noticed Xtahua
 11613 | D        | Noticed a fire dragon
 11640 | D        | Noticed a spark wasp
 11652 | D        | Killed a fire dragon
 11654 | D        | Killed a spark wasp
 11677 | D        | Noticed a black draconian
 11677 | D        | Noticed a storm dragon
 11680 | D        | Your ally died
 11684 | D        | Killed a black draconian
 11690 | D        | Killed a storm dragon
 11696 | D        | Killed an ice dragon
 11698 | D        | Noticed a bone dragon
 11701 | D        | Noticed a green draconian
 11706 | D        | Killed a green draconian
 11711 | D        | Noticed a white draconian
 11713 | D        | Killed a white draconian
 11719 | D        | Noticed a mottled draconian
 11719 | D        | Killed a mottled draconian
 11723 | D        | Killed a bone dragon
 11738 | D        | Your ally died
 11740 | D        | Noticed a black draconian
 12077 | D        | Killed a golden dragon
 12102 | D        | Killed a shadow dragon
 12102 | D        | Reached XP level 14. HP: 33/68 MP: 10/21
 12106 | D        | Noticed a lich
 12113 | D        | Noticed a shadow dragon
 12116 | D        | Killed from afar by a shadow dragon
 12117 | D        | Reached XP level 13. HP: -7/64 MP: 0/20
 12152 | D        | Killed a lich
 12215 | D        | Got a serpentine rune of Zot
 12222 | D        | Noticed a merfolk javelineer
 12222 | D        | Noticed a merfolk javelineer
 12222 | D        | Noticed a merfolk impaler
 12222 | D        | Noticed a merfolk impaler
 12222 | D        | Noticed a merfolk javelineer
 12222 | D        | Noticed a merfolk javelineer
 12223 | D        | Noticed Ilsuiw
 12226 | D        | Killed a merfolk javelineer
 12235 | D        | Killed a merfolk javelineer
 12238 | D        | Noticed a merfolk javelineer
 12239 | D        | Killed a merfolk impaler
 12240 | D        | Killed a merfolk javelineer
 12250 | D        | Killed a merfolk javelineer
 12299 | D        | Killed a merfolk javelineer
 12682 | D        | Killed a stone giant
 12854 | D        | Killed Margery
 13051 | D        | Killed a stone giant
 13679 | D        | Killed Ilsuiw
 13755 | D        | Got a barnacled rune of Zot
 14082 | D        | HP: 3/64 [poison (poison gas)]
 14088 | D        | HP: 2/64 [poison (poison gas)]
 14096 | D        | HP: 2/64 [poison (poison gas)]
 14512 | D        | Got a decaying rune of Zot
 14599 | D        | Noticed an emperor scorpion
 14599 | D        | Noticed an emperor scorpion
 14599 | D        | Noticed an emperor scorpion
 14599 | D        | Noticed an emperor scorpion
 14609 | D        | Killed an emperor scorpion
 14621 | D        | Killed an emperor scorpion
 14627 | D        | Killed an emperor scorpion
 14633 | D        | Killed an emperor scorpion
 14642 | D        | Noticed a ghost moth
 14643 | D        | Noticed an emperor scorpion
 14644 | D        | Noticed an emperor scorpion
 14647 | D        | Killed a ghost moth
 14658 | D        | Killed an emperor scorpion
 14659 | D        | Noticed an emperor scorpion
 14663 | D        | Noticed an emperor scorpion
 14666 | D        | Killed an emperor scorpion
 14675 | D        | Killed an emperor scorpion
 14683 | D        | Killed an emperor scorpion
 14691 | D        | Got a gossamer rune of Zot
 14798 | D        | Noticed Donald
 14831 | D        | Noticed Boris
 14833 | D        | Noticed Mara
 14861 | D        | Noticed Nikola
 14928 | D        | Reached skill level 27 in Stealth
 14948 | D        | Killed Donald
 15096 | D        | Noticed a shadow dragon
 15114 | D        | Your ally died
 15115 | D        | Noticed a fire giant
 15128 | D        | Noticed a stone giant
 15135 | D        | Killed a shadow dragon
 15141 | D        | Noticed a shadow dragon
 15144 | D        | Noticed a shadow dragon
 15156 | D        | Killed a fire giant
 15159 | D        | Killed a stone giant
 15159 | D        | Reached XP level 14. HP: 42/71 MP: 15/21
 15169 | D        | Your ally died
 15174 | D        | Killed a shadow dragon
 15181 | D        | Killed a shadow dragon
 15188 | D        | Your ally died
 15201 | D        | Noticed a stone giant
 15208 | D        | Killed a stone giant
 15634 | D        | Got a silver rune of Zot
 15647 | D        | Learned a level 1 spell: Corona
 15650 | D        | Learned a level 2 spell: Ensorcelled Hibernation
 15652 | D        | Learned a level 1 spell: Confusing Touch
 15804 | D        | Killed a shadow dragon
 16044 | D        | Noticed a yellow draconian knight
 16044 | D        | Noticed a death cob
 16044 | D        | Noticed a golden dragon
 16044 | D        | Noticed a golden dragon
 16048 | D        | Killed a golden dragon
 16048 | D        | Reached skill level 15 in Fighting
 16048 | D        | Reached skill level 27 in Dodging
 16051 | D        | Killed a golden dragon
 16053 | D        | Noticed a red draconian scorcher
 16064 | D        | Noticed a death cob
 16064 | D        | Noticed a golden dragon
 16064 | D        | Noticed a golden dragon
 16067 | D        | Killed a mottled draconian scorcher
 16071 | D        | Killed a red draconian scorcher
 16081 | D        | Killed a golden dragon
 16086 | D        | Killed a yellow draconian knight
 16094 | D        | Killed a golden dragon
 16136 | D        | Noticed a red draconian scorcher
 16136 | D        | Noticed a tentacled monstrosity
 16136 | D        | Noticed a black draconian caller
 16137 | D        | Noticed a storm dragon
 16149 | D        | Killed a tentacled monstrosity
 16150 | D        | Killed a storm dragon
 16151 | D        | Killed a red draconian scorcher
 16154 | D        | Noticed a storm dragon
 16158 | D        | Killed a black draconian caller
 16166 | D        | Killed a storm dragon
 16188 | D        | Noticed a ghost moth
 16188 | D        | Noticed a golden dragon
 16188 | D        | Noticed a black draconian knight
 16188 | D        | Noticed a red draconian scorcher
 16192 | D        | Noticed a tentacled monstrosity
 16195 | D        | Killed a ghost moth
 16205 | D        | Killed a golden dragon
 16342 | D        | Noticed an Orb Guardian
 16342 | D        | Noticed an Orb Guardian
 16342 | D        | Noticed an Orb Guardian
 16342 | D        | Noticed an Orb Guardian
 16342 | D        | Noticed an Orb Guardian
 16342 | D        | Noticed an Orb Guardian
 16345 | D        | Killed an Orb Guardian
 16346 | D        | Killed an Orb Guardian
 16347 | D        | Killed an Orb Guardian
 16350 | D        | Noticed an Orb Guardian
 16353 | D        | Noticed an Orb Guardian
 16353 | D        | Killed an Orb Guardian
 16354 | D        | Noticed an Orb Guardian
 16361 | D        | Killed an Orb Guardian
 16541 | D        | Noticed an Orb Guardian
 16541 | D        | Noticed an Orb Guardian
 16542 | D        | Noticed an Orb Guardian
 16543 | D        | Noticed an Orb Guardian
 16549 | D        | Killed an Orb Guardian
 16564 | D        | Noticed an ancient lich
 16567 | D        | Noticed an orb of fire
 16576 | D        | Noticed an electric golem
 16596 | D        | Killed an electric golem
 16596 | D        | Reached skill level 10 in Evocations
 16611 | D        | Noticed an Orb Guardian
 16611 | D        | Noticed an ancient lich
 16611 | D        | Noticed a curse toe
 16614 | D        | Killed an Orb Guardian
 16616 | D        | Noticed an orb of fire
 16621 | D        | Killed a death cob
 16623 | D        | Killed an Orb Guardian
 16624 | D        | Killed a black draconian monk
 16625 | D        | Killed an Orb Guardian
 16628 | D        | Killed an electric golem
 16628 | D        | Killed a ghost moth
 16643 | D        | Killed a tentacled monstrosity
 16646 | D        | Killed an Orb Guardian
 16810 | D        | Killed a black draconian knight
 16830 | D        | Killed an ancient lich
 16853 | D        | Killed a curse toe
 16869 | D        | Killed an Orb Guardian
 16871 | D        | Your ally died
 17149 | D        | Noticed an Orb Guardian
 17149 | D        | Noticed an Orb Guardian
 17149 | D        | Noticed an Orb Guardian
 17149 | D        | Noticed an Orb Guardian
 17149 | D        | Noticed an Orb Guardian
 17149 | D        | Noticed an Orb Guardian
 17152 | D        | Noticed an Orb Guardian
 17153 | D        | Noticed an Orb Guardian
 17153 | D        | Killed an Orb Guardian
 17154 | D        | Killed an Orb Guardian
 17155 | D        | Killed an Orb Guardian
 17156 | D        | Noticed an Orb Guardian
 17158 | D        | Killed an Orb Guardian
 17160 | D        | Killed an Orb Guardian
 17161 | D        | Noticed an Orb Guardian
 17162 | D        | Noticed an Orb Guardian
 17215 | D        | Killed an orb of fire
 17246 | D        | Got the Orb of Zot
 17418 | D        | Killed a vault warden
 17484 | D        | Killed a vault warden
 17696 | D        | Killed an Orb Guardian
 17766 | D        | Killed an orb of fire
 17788 | D        | Noticed an Orb Guardian
 17825 | D        | Killed an ironheart preserver
 17924 | D        | Noticed an Orb Guardian
 18029 | D        | Killed an Orb Guardian
 18085 | D        | Killed an Orb Guardian
 18093 | D        | Noticed a balrug
 18093 | D        | Noticed a gelid warmonger
 18101 | D        | Killed a gelid warmonger
 18111 | D        | HP: 2/79 [monstrous blood saint/iceblast (19)]
 18112 | D        | Killed from afar by a monstrous blood saint

Skill      XL: |  1  2  3  4  5  6  7  8  9 10 11 12 13 14 |
---------------+-------------------------------------------+-----
Dodging        | 5 6 8 9 11 12 13 14 15 17 18 25 27 | 27.0
Stealth        | 1 2 3 4 6 8 11 12 14 27 21 | 27.0
Unarmed Combat | 6 8 9 10 13 14 15 17 19 22 24 27 | 27.0
Fighting       | 4 5 6 7 8 13 19 | 19.2
Evocations     | 1 2 3 8 10 | 10.7

Action                   |  1- 3 |  4- 6 |  7- 9 | 10-12 | 13-15 || total
-------------------------+-------+-------+-------+-------+-------++-------
Melee: Unarmed           |    41 |    16 |    84 |   335 |   359 ||   835
       Bite              |     3 |     2 |    10 |    41 |    34 ||    90
       Punch             |       |     3 |     6 |    20 |    38 ||    67
Invok: Call Merchant     |       |       |       |     5 |     1 ||     6
       Bribe Branch      |       |       |       |       |     6 ||     6
Evoke: Wand              |       |     2 |       |     8 |    14 ||    24
  Use: Potion            |     1 |       |     1 |     5 |    17 ||    24
       Scroll            |       |       |       |     1 |     7 ||     8
 Stab: Distracted        |     1 |       |     2 |     6 |    18 ||    27
       Sleeping          |       |       |       |     5 |     5 ||    10
       Confused          |       |       |       |       |     3 ||     3
  Eat: Chunk             |     3 |       |       |       |       ||     3
       Meat ration       |       |       |       |     2 |     3 ||     5
Armor: Skin              |     3 |     1 |       |     8 |     7 ||    19
Dodge: Dodged            |    30 |     9 |    52 |   213 |   280 ||   584
